 Dungeon Crawl Stone Soup version 0.31-a0-267-g3fc6992b3b (webtiles) character file.

Game seed: 1389914613387130297

791 qw the Skirmisher (level 7, -4/61 HPs)
             Began as a Minotaur Hexslinger on July 13, 2023.
             Slain by a gnoll
             ... wielding a +0 spear
             ... led by a gnoll bouda
              (6 damage)
             ... on level 5 of the Dungeon.
             The game lasted 00:01:38 (4053 turns).

qw the Skirmisher (Minotaur Hexslinger)             Turns: 4053, Time: 00:01:39

Health: -4/61      AC:  6    Str: 11    XL:     7   Next: 57%
Magic:  7/7        EV: 10    Int: 10    God:
Gold:   112        SH:  0    Dex: 14    Spells: 7/8 levels left

rFire   . . .        Y - +1 sling (flame)
rCold   . . .        (no shield)
rNeg    . . .        h - +0 ring mail
rPois   .            (helmet restricted)
rElec   .            (no cloak)
rCorr   .            c - +0 pair of gloves
SInv    .            (no boots)
Will    .....        g - amulet of faith
Stlth   +            (no ring)
HPRegen 0.30/turn    (no ring)
MPRegen 0.10/turn

%: faith
@: about to teleport
A: horns 2, retaliatory headbutt, sense surroundings 1, weak 1
a: no special abilities


You were on level 5 of the Dungeon.
You visited 1 branch of the dungeon, and saw 5 of its levels.

You collected 112 gold pieces.


Innate Abilities, Weirdness & Mutations

You have a pair of horns on your head.
You reflexively headbutt those who attack you in melee.
You passively map a small area around you.
You are weak. (Str -2)


   Skills:
 - Level 5.0 Fighting
 + Level 8.1 Ranged Weapons
 - Level 2.0 Armour
 - Level 2.1 Dodging
 - Level 1.0 Spellcasting
 - Level 2.0 Hexes


You had 7 spell levels left.
You knew the following spells:

 Your Spells              Type           Power      Damage    Failure   Level
a - Slow                  Hex            16%        N/A       34%         1

Your spell library contained the following spells:

 Spells                   Type           Power      Damage    Failure   Level
 Inner Flame              Hex/Fire       2%         N/A       85%         3
 Portal Projectile        Hex/Tloc       4%         N/A       85%         3
 Cause Fear               Hex            2%         N/A       98%         4

Inventory:

Hand Weapons
 Y - a +1 sling of flaming (weapon)
Armour
 c - a +0 pair of gloves (worn)
 h - a +0 ring mail (worn)
Jewellery
 a - a ring of ice
 e - an amulet of the acrobat
 g - an amulet of faith (around neck)
Scrolls
 b - a scroll of identify
Potions
 d - a potion of attraction {unknown}
 f - a potion of enlightenment
 i - a potion of haste
 j - a potion of berserk rage {unknown}
 k - a potion of mutation
 l - a potion of brilliance {unknown}
 m - a potion of heal wounds {unknown}

Dungeon Overview and Level Annotations

Branches:
Dungeon (5/15)
 Temple: D:4-7

Altars:

Shops:
D:1 ?   D:3 (

Annotations:
D:3 1 runed translucent door, Crazy Yiuf


Message History

The gnoll closely misses you.
You shoot a sling bullet. The sling bullet hits the gnoll bouda.
The sling bullet burns the gnoll bouda.
The gnoll bouda is lightly wounded.
The gnoll hits you but does no damage.
The gnoll hits you from afar with a +0 halberd!
The gnoll hits you from afar with a +0 spear.
The gnoll closely misses you.
The gnoll bouda hits you with a +0 whip.
The gnoll hits you with a +0 club. The gnoll closely misses you.
You shoot a sling bullet. The sling bullet hits the gnoll bouda.
The sling bullet burns the gnoll bouda.
The gnoll bouda is heavily wounded.
The gnoll hits you with a +0 club. The gnoll barely misses you.
The gnoll bouda hits you with a +0 whip.
The gnoll closely misses you.
4050 ||| READING scroll of teleportation.
As you read the scroll of teleportation, it crumbles to dust.
You feel strangely unstable. The orc barely misses you.
You furiously retaliate!
You headbutt the orc. The gnoll hits you with a +0 club.
The gnoll hits you from afar with a +0 spear.
The gnoll bouda closely misses you. You furiously retaliate!
You headbutt the gnoll bouda! The gnoll barely misses you.
You shoot a sling bullet. The sling bullet hits the gnoll bouda.
The sling bullet burns the gnoll bouda.
You kill the gnoll bouda!
The orc barely misses you. The gnoll barely misses you. x2
The gnoll hits you from afar with a +0 halberd.
You shoot a sling bullet. The sling bullet hits the orc.
The sling bullet burns the orc.
You kill the orc!
The gnoll completely misses you.
The gnoll hits you from afar with a +0 spear.
The gnoll barely misses you.
You shoot a sling bullet.
The sling bullet barely misses the gnoll.
The gnoll closely misses you.
The gnoll hits you from afar with a +0 spear.
You die...

,...<##, * .....
,,. , ,
..*##+#...#* ..
,...##......##go.
+
................
* #..........g...
,
,+......gg......
, , ,,
#.....g)###,
.......@).+ ,, ,
, #####....### ,,
.#........# ,,
........#.# , , ,
...##.#<#.#* .
#....#.. , , ,
,+..#.#... **
#.##.#.... ,, ,,
#+ ####...# *


You could see 3 gnolls.

Vanquished Creatures
  Grinder (D:4)
  Menkaure (D:4)
  An ogre (D:4)
  A jelly (D:4)
  A hound (D:3)
  A gnoll bouda (D:5)
  2 iguanas (D:4)
  Ijyb (D:3)
  Robin (D:3)
  7 gnolls
  4 adders
  A dart slug (D:2)
  6 orcs
  8 endoplasms
  A giant cockroach (D:1)
  15 goblins
  9 hobgoblins
  13 jackals
  3 quokkas
  4 ball pythons
  7 bats
  5 frilled lizards
  5 kobolds
  6 rats
104 creatures vanquished.

Notes
Turn   | Place    | Note
-------+----------+-------------------------------------------
     0 | D:1      | qw the Minotaur Hexslinger began the quest for the Orb.
     0 | D:1      | Reached XP level 1. HP: 16/16 MP: 1/1
     0 | D:1      | 0 ||| qw: Version: 0.3-a-52-g30416fa
     0 | D:1      | 0 ||| qw: Game counter: 7783
     0 | D:1      | 0 ||| qw: Melee chars always use a shield: true
     0 | D:1      | 0 ||| qw: God list: Okawaru
     0 | D:1      | 0 ||| qw: Allow faded altars: false
     0 | D:1      | 0 ||| qw: Do Orc after clearing Dungeon:15 true
     0 | D:1      | 0 ||| qw: Do second Lair branch before Depths: true
     0 | D:1      | 0 ||| qw: Lair rune preference: random
     0 | D:1      | 0 ||| qw: Goals: Normal
     0 | D:1      | 0 ||| PLANNING D:1-11
   109 | D:1      | Found Heirphobb's Magic Scroll Shop.
   120 | D:1      | 120 ||| SHOPLISTING scroll of identify (20 gold, have 8).
   130 | D:1      | Reached skill level 3 in Ranged Weapons
   150 | D:1      | Reached XP level 2. HP: 22/23 MP: 2/2
   557 | D:1      | 557 ||| UPGRADING to +0 leather armour.
   567 | D:1      | 567 ||| DROPPING +0 robe.
   568 | D:1      | 568 ||| UPGRADING to amulet of faith.
   573 | D:1      | 573 ||| READING scroll labelled YSONOOSMAPLE.
   577 | D:1      | 577 ||| READING scroll labelled MENWIU JAQE.
   578 | D:1      | 578 ||| DROPPING scroll of poison.
   672 | D:2      | Reached XP level 3. HP: 29/29 MP: 3/3
   772 | D:2      | Reached skill level 4 in Ranged Weapons
   826 | D:2      | 826 ||| FLEEEEING.
   827 | D:2      | 827 ||| FLEEEEING.
   828 | D:2      | 828 ||| FLEEEEING.
   829 | D:2      | 829 ||| FLEEEEING.
   830 | D:2      | 830 ||| FLEEEEING.
   831 | D:2      | 831 ||| FLEEEEING.
   832 | D:2      | 832 ||| FLEEEEING.
   833 | D:2      | 833 ||| FLEEEEING.
  1463 | D:2      | 1463 ||| UPGRADING to +0 pair of gloves.
  1468 | D:2      | 1468 ||| UPGRADING to +0 ring mail.
  1478 | D:2      | 1478 ||| DROPPING +0 leather armour.
  1479 | D:2      | 1479 ||| READING 3 scrolls labelled RIOKOKAIBY.
  1480 | D:2      | 1480 ||| READING scroll labelled NEIDOAMACH.
  1481 | D:2      | 1481 ||| READING 2 scrolls of identify.
  1481 | D:2      | 1481 ||| IDENTIFYING viscous coppery potion
  1557 | D:3      | Reached skill level 1 in Armour
  1557 | D:3      | Reached XP level 4. HP: 36/36 MP: 4/4
  1590 | D:3      | Noticed Robin
  1593 | D:3      | 1593 ||| Stepping ~*~*~tactically~*~*~ (outnumbered).
  1602 | D:3      | 1602 ||| FLEEEEING.
  1603 | D:3      | 1603 ||| FLEEEEING.
  1604 | D:3      | 1604 ||| FLEEEEING.
  1613 | D:3      | HP: 7/36 [Robin/+0 short sword (4)]
  1615 | D:3      | HP: 2/36 [goblin/+0 dagger[Robin] (4)]
  1615 | D:3      | Killed Robin
  1753 | D:3      | 1753 ||| SWAPPING to +1 sling of flaming.
  1754 | D:3      | 1754 ||| DROPPING +1 sling.
  1780 | D:3      | Noticed Ijyb
  1785 | D:3      | HP: 9/36 [Ijyb/bolt of light (10)]
  1790 | D:3      | Killed Ijyb
  1791 | D:3      | Reached skill level 5 in Ranged Weapons
  1987 | D:3      | Found Zaokik's Weapon Shop.
  1996 | D:3      | 1996 ||| SHOPLISTING +2 heavy shortbow (174 gold, have 41).
  1996 | D:3      | 1996 ||| SHOPLISTING +6 sling "Diacuos" {flame, rF+ Stlth+}
                  | (495 gold, have 41).
  2086 | D:3      | Reached XP level 5. HP: 37/42 MP: 5/5
  2086 | D:3      | 2086 ||| FLEEEEING.
  2087 | D:3      | 2087 ||| FLEEEEING.
  2089 | D:3      | 2089 ||| FLEEEEING.
  2090 | D:3      | 2090 ||| FLEEEEING.
  2093 | D:3      | 2093 ||| FLEEEEING.
  2094 | D:3      | 2094 ||| FLEEEEING.
  2095 | D:3      | 2095 ||| FLEEEEING.
  2097 | D:3      | 2097 ||| FLEEEEING.
  2098 | D:3      | 2098 ||| FLEEEEING.
  2099 | D:3      | 2099 ||| FLEEEEING.
  2100 | D:3      | 2100 ||| FLEEEEING.
  2101 | D:3      | 2101 ||| FLEEEEING.
  2102 | D:3      | 2102 ||| FLEEEEING.
  2103 | D:3      | 2103 ||| FLEEEEING.
  2104 | D:3      | 2104 ||| FLEEEEING.
  2153 | D:3      | Found a faded altar of an unknown god.
  2354 | D:3      | Found a runed translucent door.
  2355 | D:3      | Noticed Crazy Yiuf
  2523 | D:3      | 2523 ||| READING scroll labelled VEBBINLEDGHI.
  2524 | D:3      | 2524 ||| READING 3 scrolls labelled FYNIESS YSKAEB.
  2525 | D:3      | 2525 ||| READING 2 scrolls of identify.
  2525 | D:3      | 2525 ||| IDENTIFYING orange potion
  2526 | D:3      | 2526 ||| DROPPING 2 scrolls of noise.
  2563 | D:4      | 2563 ||| STAIRDANCE
  2568 | D:3      | Reached skill level 3 in Fighting
  2666 | D:4      | 2666 ||| STAIRDANCE
  2671 | D:3      | HP: 11/45 [endoplasm (3)]
  2857 | D:4      | 2857 ||| STAIRDANCE
  2958 | D:4      | 2958 ||| STAIRDANCE
  3064 | D:4      | Noticed Grinder
  3071 | D:4      | Paralysed by Grinder for 4 turns
  3075 | D:4      | 3075 ||| FLEEEEING.
  3076 | D:4      | 3076 ||| FLEEEEING.
  3082 | D:4      | 3082 ||| FLEEEEING.
  3083 | D:4      | 3083 ||| FLEEEEING.
  3096 | D:4      | 3096 ||| FLEEEEING.
  3097 | D:4      | 3097 ||| STAIRDANCE
  3254 | D:4      | Paralysed by Grinder for 2 turns
  3258 | D:4      | Killed Grinder
  3259 | D:4      | Reached skill level 7 in Ranged Weapons
  3259 | D:4      | Reached XP level 6. HP: 27/51 MP: 6/6
  3544 | D:4      | Noticed Menkaure
  3548 | D:4      | Reached XP level 7. HP: 59/60 MP: 7/7
  3553 | D:4      | Killed Menkaure
  3559 | D:4      | Reached skill level 8 in Ranged Weapons
  3995 | D:4      | 3995 ||| READING scroll labelled LOEDIY NIUMAO.
  3996 | D:4      | 3996 ||| DRINKING 2 fuming grey potions.
  3996 | D:4      | Gained mutation: You are weak. (Str -2) [potion of
                  | mutation]
  3996 | D:4      | Gained mutation: You passively map a small area around you.
                  | [potion of mutation]
  4024 | D:5      | Entered Level 5 of the Dungeon
  4034 | D:5      | 4034 ||| Stepping ~*~*~tactically~*~*~ (outnumbered).
  4040 | D:5      | 4040 ||| Stepping ~*~*~tactically~*~*~ (outnumbered).
  4049 | D:5      | HP: 15/61 [gnoll/+0 club[a gnoll bouda] (1)]
  4050 | D:5      | 4050 ||| READING scroll of teleportation.
  4050 | D:5      | HP: 4/61 [gnoll/+0 spear[a gnoll bouda] (4)]
  4053 | D:5      | Slain by a gnoll

Levels and vault maps discovered:
D:1:      dpeg_arrival_subterranean_lakeside_camping, layout_rooms,
          serial_shops, nicolae_shop_crystal
D:2:      layout_basic
D:3:      layout_basic, chequers_ecumenical_altar_lobes, serial_shops,
          nicolae_shop_bloodbath_and_beyond, uniq_ijyb, uniq_robin,
          uniq_crazy_yiuf_cottage
D:4:      layout_layer_cave, minmay_close_crescents, uniq_menkaure, uniq_grinder
D:5:      black_bear_nest_1, layout_basic, minmay_temple_entry_glass,
          lemuel_flame_loot_1, uniq_pikel

Skill      XL: |  1  2  3  4  5  6  7 |
---------------+----------------------+-----
Ranged Weapons | 3 4 5 7 8 |  8.1
Fighting       | 2 3 4 5 |  5.0
Armour         | 1 2 |  2.0
Dodging        | |  2.1
Spellcasting   | |  1.0
Hexes          | |  2.0

Action                     |  1- 3 |  4- 6 |  7- 9 || total
---------------------------+-------+-------+-------++-------
   Fire: Sling             |   152 |   133 |    68 ||   353
    Use: Scroll            |     5 |     3 |     2 ||    10
         Potion            |       |       |     1 ||     1
 Armour: Robe              |     8 |       |       ||     8
         Leather armour    |    14 |       |       ||    14
         Ring mail         |       |    25 |    10 ||    35
  Dodge: Dodged            |    36 |    61 |    49 ||   146

Table legend:
 A = Non-vault XP
 B = Vault XP
 C = Vault XP percentage of total XP
 D = Non-vault monster count
 E = Vault monster count
 F = Vault count percentage of total count
                 A         B        C        D         E       F
            +---------+---------+-------+---------+---------+-------
      Total |     558 |     572 |  50.6 |      79 |      25 |  24.0
            +---------+---------+-------+---------+---------+-------
        D:1 |      25 |       8 |  24.2 |      14 |       6 |  30.0
        D:2 |      60 |       0 |   0.0 |      26 |       0 |   0.0
        D:3 |     114 |      69 |  37.7 |      17 |      13 |  43.3
        D:4 |     293 |     495 |  62.8 |      16 |       6 |  27.3
        D:5 |      66 |       0 |   0.0 |       6 |       0 |   0.0
            +---------+---------+-------+---------+---------+-------
